 Dungeon Crawl Stone Soup version 0.20-a0-261-gcb1eca7 (webtiles) character file.

42 Hercules the Changer (level 3, -3/27 HPs)
             Began as a Demigod Transmuter on Dec 3, 2016.
             Slain by Terence
             ... wielding a +0 mace
              (7 damage)
             ... on level 2 of the Dungeon.
             The game lasted 00:03:21 (1687 turns).

Hercules the Changer (Demigod Transmuter)           Turns: 1687, Time: 00:03:22

Health: -3/27      AC:  3    Str: 10 (13) XL:     3   Next: 19%
Magic:  6/8        EV: 12    Int: 17 (19) God:
Gold:   92         SH:  0    Dex: 14 (16) Spells: 4/5 levels left

rFire  . . .     SeeInvis .       - Unarmed
rCold  . . .     Gourm    .     b - +0 robe
rNeg   + . .     Faith    .     (no shield)
rPois  .         Spirit   .     (no helmet)
rElec  .         Reflect  .     h - +0 cloak
rCorr  .         Harm     .     (no gloves)
MR     .....                    (boots currently unavailable)
Stlth  +.........               (no amulet)
                                (no ring)
                                i - ring of positive energy

@: appendage, very slightly contaminated
A: talons 3, high mp 1
a: End Transformation


You were on level 2 of the Dungeon.
You were not hungry.
You had grown temporary talons.
You visited 1 branch of the dungeon, and saw 2 of its levels.

You collected 92 gold pieces.

Inventory:

Missiles
 a - 46 arrows
Armour
 b - a +0 robe (worn)
 h - a +0 cloak (worn)
Jewellery
 i - a ring of positive energy (left hand)
Books
 c - a book of Changes

   Spells                             Type                      Level
   a - Beastly Appendage              Transmutation                1
   b - Sticks to Snakes               Transmutation                2
   c - Spider Form                    Transmutation/Poison         3
   d - Ice Form                       Ice/Transmutation            4
   e - Blade Hands                    Transmutation                5
Comestibles
 d - 2 bread rations
 f - 6 fruits
 j - a beef jerky
 k - a meat ration


   Skills:
 - Level 0.8 Fighting
 - Level 1.7 Dodging
 - Level 2.6 Unarmed Combat
 - Level 1.7 Spellcasting
 + Level 3.4 Transmutations


You had 4 spell levels left.
You knew the following spells:

 Your Spells              Type           Power        Failure   Level  Hunger
a - Beastly Appendage     Tmut           ##....       6%          1    #......


Dungeon Overview and Level Annotations

Branches:
Dungeon (2/15)

Annotations:
D:2 Terence


Innate Abilities, Weirdness & Mutations

You have an increased reservoir of magic. (+10% MP)
You have claws for feet.


Message History

Unknown command.
You barely miss Terence.
Terence is heavily wounded.
Terence hits you with a mace.
* * * LOW HITPOINT WARNING * * *
Unknown command.
You hit Terence but do no damage.
Terence is heavily wounded.
Terence shouts, "DIE!!!"
Terence barely misses you.
You hit Terence but do no damage.
Terence is heavily wounded.
The kobold hits you but does no damage. Terence misses you.
You hit Terence but do no damage.
Terence is heavily wounded.
The kobold barely misses you.
You hit Terence but do no damage. Your kick misses Terence.
Terence is heavily wounded.
Terence hits you with a mace!
You die...

#.# ##.## ##...## ###
#.###.# #.. #.# #.#####
#.# # #.###.....# #.#.#
#####...####.###.#.###..
#.......# #............
...........#####@#.###.
#.####..##.# #K@..# #.#
#..# .. ......# ..# #..#
# #........# ### ...
....###### #.#. ##...#
.# #...# #...#


You could see Terence and a kobold.

Vanquished Creatures
  An adder (D:2)
  2 dart slugs (D:1)
  3 hobgoblins (D:1)
  4 jackals (D:1)
  A kobold (D:1)
  4 bats (D:1)
  3 frilled lizards
  5 goblins
  7 rats
30 creatures vanquished.

Notes
Turn   | Place    | Note
-------+----------+-------------------------------------------
     0 | D:1      | Hercules the Demigod Transmuter began the quest for the Orb.
     0 | D:1      | Reached XP level 1. HP: 15/15 MP: 5/5
    88 | D:1      | Reached skill level 2 in Transmutations
   343 | D:1      | Reached XP level 2. HP: 14/22 MP: 5/7
   902 | D:1      | Reached skill level 3 in Transmutations
  1523 | D:2      | Reached XP level 3. HP: 19/27 MP: 8/8
  1649 | D:2      | Noticed Terence
  1687 | D:2      | Slain by Terence

Vault maps used:
D:1:      saegor_arrival_simple_b
D:2:      lemuel_crystal_altar, minmay_split_cup_small, uniq_crazy_yiuf_cottage,
          uniq_terence

Skill      XL: |  1  2 |
---------------+-------+-----
Transmutations | 2 3 |  3.4
Fighting       | |  0.8
Dodging        | |  1.7
Unarmed Combat | |  2.6
Spellcasting   | |  1.7

Action                   || total
-------------------------++-------
Melee: Unarmed           ||   150
       Kick              ||    18
       Headbutt          ||     2
       Punch             ||     1
 Cast: Beastly Appendage ||    11
  Use: Potion            ||     5
       Scroll            ||     7
  Eat: Chunk             ||     3
Armor: Robe              ||    34
Dodge: Dodged            ||    72
